 Dungeon Crawl Stone Soup version 0.28-a0-1555-g9ae15a6949 (webtiles) character file.

Game seed: 716598366715103256

7 belegose the Sneak (level 2, -1/22 HPs)
             Began as a Djinni Enchanter on Jan 18, 2022.
             Slain by a goblin (2 damage)
             ... on level 1 of the Dungeon.
             The game lasted 00:01:07 (566 turns).

belegose the Sneak (Djinni Enchanter)                Turns: 566, Time: 00:01:08

Health: -1/22      AC:  2    Str:  7    XL:     2   Next: 5%
Gold:   0          EV: 12    Int: 16    God:
                   SH:  0    Dex: 13

rFire   + + .      SeeInvis .   a - +1 dagger
rCold   x . .      Faith    .   (no shield)
rNeg    . . .      Spirit   .   b - +0 robe
rPois   ∞          Reflect  .   (no helmet)
rElec   .          Harm     .   (no cloak)
rCorr   .          Rampage  .   (no gloves)
Will    .....                   (boots unavailable)
Stlth   ++........              (no amulet)
HPRegen 0.07/turn               (no ring)
MPRegen 0.00/turn               (no ring)

@: flying
A: sickness immunity, fire resistance 2, cold vulnerability 1, float, innate
caster, hp casting, extra vitality 1
a: no special abilities


You were on level 1 of the Dungeon.
You visited 1 branch of the dungeon, and saw 1 of its levels.

Inventory:

Hand Weapons
 a - a +1 dagger (weapon)
Armour
 b - a +0 robe (worn)
Scrolls
 d - a scroll of blinking {unknown}
 e - a scroll of identify {unknown}
Potions
 c - a potion of invisibility
 f - a potion of degeneration {unknown}
 g - a potion of curing {unknown}


   Skills:
 + Level 0.4 Fighting
 + Level 1.1 Short Blades
 - Level 2.1 Dodging
 + Level 2.5 Stealth
 + Level 2.5 Spellcasting


You couldn't memorise any spells.
You knew the following spells:

 Your Spells              Type           Power      Damage    Failure   Level
a - Ensorcelled Hibernat  Hex/Ice        20%        N/A       11%         2
b - Confusing Touch       Hex            10%        N/A       22%         3
c - Tukima's Dance        Hex            10%        N/A       22%         3
d - Dazzling Flash        Conj/Hex       20%        N/A       22%         3
Your spell library was empty.

Dungeon Overview and Level Annotations

Branches:
Dungeon (1/15)

Altars:


Innate Abilities, Weirdness & Mutations

You are immune to sickness and miasma.
You are immune to poison.
Your flesh is very heat resistant. (rF++)
You are vulnerable to cold. (rC-)
You float through the air rather than walking.
You learn spells naturally, not from books.
Your magical power is your life essence.
You have superior vitality. (+4 MHP)


Message History

The hobgoblin resists with significant effort.
The hobgoblin hits you.
Casting: Ensorcelled Hibernation (safe; 11% risk of failure)
Confirm with . or Enter, or press ? or * to list all spells.
Aiming: Ensorcelled Hibernation (safe; 11% risk of failure)
Press: ? - help, Shift-Dir - straight line, f/p - hobgoblin
Aim: a hobgoblin (severely wounded, chance to affect: 62%)
The hobgoblin resists with significant effort.
The hobgoblin barely misses you.
Casting: Ensorcelled Hibernation (safe; 11% risk of failure)
Confirm with . or Enter, or press ? or * to list all spells.
Aiming: Ensorcelled Hibernation (safe; 11% risk of failure)
Press: ? - help, Shift-Dir - straight line, f/p - hobgoblin
Aim: a hobgoblin (severely wounded, chance to affect: 62%)
The hobgoblin resists with significant effort.
* * * LOW HITPOINT WARNING * * *
The rat twitches its whiskers.
The hobgoblin hits you.
* * * LOW HITPOINT WARNING * * *
The quokka twitches its whiskers.
A rat comes into view.
The rat bites you but does no damage.
You hit the rat.
The rat is severely wounded.
The rat bites you.
* * * LOW HITPOINT WARNING * * *
The hobgoblin barely misses you.
You hit the rat.
You kill the rat!
A goblin comes into view. It is wielding a +0 dagger.
Found a stone staircase leading down.
The goblin shouts!
The goblin hits you with a +0 dagger.
* * * LOW HITPOINT WARNING * * *
The goblin hits you but does no damage. The goblin hits you with a +0 dagger.
* * * LOW HITPOINT WARNING * * *
There is a stone staircase leading down here.
The goblin hits you with a +0 dagger.
You die...

#.......#...r....#.#.##
##.######.######.#.#.#
##.# #.# .#...# #.r#
###.### #.##..# #.##
#.....# #.##.!# #.#
#.....# #.....# #.#
#.r...# #####.## #.#
#gg...# #..).r.# #.#
#@....# #.###..# #.#
####### # #g..# #.#
#.##.#.# #.# #......#
#.################.###
#.......##...g..gr.#
#######.#.r.########
#.#...# #r....#


You could see a quokka, a hobgoblin and a goblin.

Vanquished Creatures
  An endoplasm (D:1)
  A giant cockroach (D:1)
  A goblin (D:1)
  2 ball pythons (D:1)
  2 rats (D:1)
7 creatures vanquished.

Vanquished Creatures (others)
  A gargoyle (D:1)
  A troll (D:1)
  A merfolk (D:1)
  A vampire (D:1)
  2 demigods (D:1)
  A dwarf (D:1)
  A tengu (D:1)
  An ogre (D:1)
  3 felids (D:1)
  2 gnolls (D:1)
  A kobold (D:1)
  8 tentacles (D:1)
23 creatures vanquished.

Grand Total: 30 creatures vanquished

Notes
Turn   | Place    | Note
-------+----------+-------------------------------------------
     0 | D:1      | belegose the Djinni Enchanter began the quest for the Orb.
     0 | D:1      | Reached XP level 1. HP: 15/15 MP: 0/0
     2 | D:1      | Noticed a dwarf
     2 | D:1      | Noticed a demigod
     2 | D:1      | Noticed a gargoyle
     2 | D:1      | Noticed a felid
     2 | D:1      | Noticed an ogre
     2 | D:1      | Noticed a troll
     2 | D:1      | Noticed a kraken
     2 | D:1      | Noticed a felid
     2 | D:1      | Noticed a tengu
     2 | D:1      | Noticed a vampire
     2 | D:1      | Noticed a merfolk
     2 | D:1      | Noticed a felid
     2 | D:1      | Noticed a demigod
     6 | D:1      | Killed a dwarf
     6 | D:1      | Killed a tengu
     6 | D:1      | Killed a felid
     7 | D:1      | Killed a vampire
     8 | D:1      | Killed a gargoyle
     8 | D:1      | Killed a troll
     9 | D:1      | Killed a merfolk
    10 | D:1      | Killed a felid
    13 | D:1      | Killed a felid
    15 | D:1      | Killed a demigod
    15 | D:1      | Killed a demigod
    16 | D:1      | Killed an ogre
    89 | D:1      | Reached skill level 1 in Short Blades
   456 | D:1      | Reached XP level 2. HP: 22/22 MP: 0/0
   564 | D:1      | HP: 1/22 [goblin (4)]
   566 | D:1      | Slain by a goblin

Illustrated notes

Levels and vault maps discovered:
D:1:      nicolae_arrival_kraken_aquarium_b, layout_loops_cross,
          shapermc_ecumenical_altar_acropolis

Skill      XL: |  1 |
---------------+----+-----
Short Blades   | 1 |  1.1
Fighting       | |  0.4
Dodging        | |  2.1
Stealth        | |  2.5
Spellcasting   | |  2.5

Action                   || total
-------------------------++-------
Melee: Dagger            ||    35
       Punch             ||     1
 Cast: Ensorcelled Hiber ||     3
 Stab: Sleeping          ||     3
Armor: Robe              ||     6
Dodge: Dodged            ||    16

Table legend: (Time is in decaauts)
 A = Elapsed time spent in this place.
 B = Non-inter-level travel time spent in this place.
 C = Inter-level travel time spent in this place.
 D = Time resting spent in this place.
 E = Time spent auto-exploring this place.
 F = Levels seen in this place.
 G = Mean time per level.
                   A        B        C        D        E       F      G
               +--------+--------+--------+--------+--------+-----+--------+
         Total |    564 |    564 |      0 |      0 |    417 |   1 |  564.0 |
       Dungeon |    564 |    564 |      0 |      0 |    417 |   1 |  564.0 |
               +--------+--------+--------+--------+--------+-----+--------+

Top non-repeatable levels by time:
     D:1: 564 daAuts
